 Dungeon Crawl Stone Soup version 0.30.1-4-g462c640d31 (webtiles) character file.

Game seed: 16003665624920761425

133936 LynnLen the Unseen (level 16, -3/84 HPs)
             Began as a Spriggan Enchanter on Aug 18, 2023.
             Was the Champion of Dithmenos.
             Killed by divine providence
             ... invoked by a meliai
              (12 damage)
             ... on level 1 of the Spider Nest.
             The game lasted 02:02:10 (39616 turns).

LynnLen the Unseen (Spriggan Enchanter)            Turns: 39616, Time: 02:02:11

Health: -3/84      AC:  8    Str:  4    XL:     16   Next: 61%
Magic:  34/34      EV: 29    Int: 20    God:    Dithmenos [******]
Gold:   1181       SH:  7    Dex: 20    Spells: 22/42 levels left

rFire   . . .        t - +6 dagger (freeze)
rCold   . . .        m - +1 buckler
rNeg    + . .        y - +1 steam dragon scales
rPois   .            X - +0 mask of the Dragon {Will+ Slay+3 SInv}
rElec   .            w - +0 cloak
rCorr   .            (gloves unavailable)
SInv    +            (boots unavailable)
Will    +++++        c - amulet of the Four Winds {rN+ Will+++ Clar} Stlth ***+++++++
                     M - ring of wizardry
HPRegen 0.34/turn    z - ring of wizardry
MPRegen 0.24/turn

%: clarity, wizardry (x2)
@: wreathed by umbra, very quick
A: very small, no large weapons, unfitting armour, see invisible, speed 3
a: Renounce Religion, Shadow Step, Shadow Form


You were on level 1 of the Spider Nest.
You worshipped Dithmenos.
Dithmenos was exalted by your worship.
You visited 6 branches of the dungeon, and saw 26 of its levels.
You also visited: Ice Cave.

You collected 3472 gold pieces.
You spent 2291 gold pieces at shops.

Inventory:

Hand Weapons
 t - a +6 dagger of freezing (weapon)
 C - a +4 long sword
Armour
 m - a +1 buckler (worn)
 w - a +0 cloak (worn)
 y - +1 steam dragon scales (worn)
 P - +0 fire dragon scales
 X - the +0 mask of the Dragon (worn) {Will+ Slay+3 SInv}
   (You found it in an ice cave)

   Slay:      It affects your accuracy & damage with ranged weapons and melee
   (+3).
   SInv:      It lets you see invisible.
   Will:      It increases your willpower.
Jewellery
 c - the amulet of the Four Winds (around neck) {rN+ Will+++ Clar}
   (You bought it in a shop on level 13 of the Dungeon)

   [amulet of nothing]

   rN:        It protects you from negative energy.
   Clar:      It protects you from confusion, rage, mesmerisation and fear.
   Will:      It greatly increases your willpower.
 h - a ring of positive energy
 j - a ring of ice
 k - a ring of poison resistance
 n - a +6 ring of strength
 u - a ring of flight
 z - a ring of wizardry (right hand)
 F - a +6 ring of intelligence
 K - a +4 ring of protection
 M - a ring of wizardry (left hand)
 Y - a +5 ring of evasion
Wands
 a - a wand of flame (14)
 q - a wand of quicksilver (8)
 E - a wand of charming (6)
 I - a wand of digging (15)
 O - a wand of polymorph (10)
 R - a wand of mindburst (6)
Scrolls
 b - a scroll of torment
 d - 10 scrolls of immolation
 e - 5 scrolls of poison
 g - 2 scrolls of blinking
 p - a scroll of magic mapping
 v - 9 scrolls of teleportation
 G - 3 scrolls of fear
 H - 2 scrolls of summoning
 L - 3 scrolls of fog
 N - 2 scrolls of amnesia
 T - 2 scrolls of vulnerability
 V - 4 scrolls of silence
Potions
 f - 6 potions of haste
 i - 7 potions of brilliance
 l - 3 potions of ambrosia
 o - 7 potions of flight
 r - 8 potions of attraction
 s - 4 potions of might
 x - 4 potions of mutation
 A - 2 potions of resistance
 B - 11 potions of curing
 D - 3 potions of lignification
 J - 3 potions of cancellation
 S - a potion of magic
 W - 2 potions of heal wounds
 Z - 2 potions of berserk rage
Miscellaneous
 Q - a phial of floods
 U - a piece from Xom's chessboard (15/15)


   Skills:
 + Level 9.4 Fighting
 - Level 10.0 Short Blades
 + Level 4.9 Armour
 + Level 14.6 Dodging
 + Level 17.4 Stealth
 - Level 4.1 Shields
 + Level 13.6 Spellcasting
 + Level 14.4 Hexes
 - Level 8.0 Transmutations
 - Level 4.0 Ice Magic
 + Level 10.9 Invocations


You had 22 spell levels left.
You knew the following spells:

 Your Spells              Type           Power      Damage    Failure   Level
a - Ensorcelled Hibernat  Hex/Ice        100%       N/A       1%          2
b - Confusing Touch       Hex            64%        N/A       1%          3
c - Tukima's Dance        Hex            64%        N/A       1%          3
d - Yara's Violent Unrav  Hex/Tmut       27%        3d12      1%          5
e - Enfeeble              Hex            32%        N/A       5%          7

Your spell library contained the following spells:

 Spells                   Type           Power      Damage    Failure   Level
 Slow                     Hex            100%       N/A       0%          1
 Dazzling Flash           Conj/Hex       84%        N/A       1%          3
 Inner Flame              Hex/Fire       42%        N/A       1%          3
 Portal Projectile        Hex/Tloc       84%        N/A       1%          3
 Fulminant Prism          Conj/Hex       21%        3d12      1%          4
 Leda's Liquefaction      Hex/Erth       21%        N/A       1%          4
 Apportation              Tloc           26%        N/A       2%          1
 Necrotise                Necr           52%        1d6       2%          1
 Summon Small Mammal      Summ           52%        N/A       2%          1
 Static Discharge         Conj/Air       26%        2-4/arc   3%          2
 Summon Mana Viper        Hex/Summ       42%        N/A       3%          5
 Call Canine Familiar     Summ           13%        N/A       7%          3
 Vampiric Draining        Necr           13%        2d6       7%          3
 Airstrike                Air            6%         2d(1-17)  22%         4
 Animate Dead             Necr           13%        N/A       22%         4
 Summon Lightning Spire   Summ/Air       13%        N/A       22%         4
 Fireball                 Conj/Fire      6%         3d5       50%         5
 Summon Forest            Summ/Tloc      6%         N/A       50%         5
 Summon Cactus Giant      Summ           6%         N/A       95%         6
 Haunt                    Necr/Summ      6%         N/A       100%        7
 Orb of Destruction       Conj           6%         9d6       100%        7
 Infestation              Necr           6%         N/A       100%        8
 Fire Storm               Conj/Fire      6%         8d2       100%        9


Dungeon Overview and Level Annotations

Branches:
Dungeon (15/15)            Temple (1/1) D:4            Lair (5/5) D:10
  Swamp (0/4) Lair:3       Spider (2/4) Lair:3        Slime (0/5) Lair:5
    Orc (2/2) D:12            Elf (1/3) Orc:2        Vaults (0/5) D:14
 Depths (0/4) D:15          IceCv (visited)

Altars:
Dithmenos
Elyvilon
Fedhas
Gozag
Makhleb
Nemelex Xobeh
Okawaru
Qazlal
Ru
Sif Muna
Trog
Uskayaw
Vehumet
Xom
Zin

Shops:
D:11 *   D:13 =   D:14 [   Orc:2 ([*

Annotations:
D:4 Robin
D:14 Roxanne


Innate Abilities, Weirdness & Mutations

You are very small and have problems with some larger weapons.
You are too small for most types of armour.
You have supernaturally acute eyesight. (SInv)
You cover ground extremely quickly. (Speed+++)


Message History

You block the meliai's attack.
The meliai invokes the aid of its god against you.
Something smites you! The jumping spider misses you.
The jumping spider closely misses you.
The meliai buzzes angrily.
You hear a skittering sound.
The jumping spider attacks as you move away!
The jumping spider closely misses you. You block the jumping spider's attack.
The jumping spider leaps!
The meliai misses you. x2
The jumping spider barely misses you. The jumping spider misses you.
You block the jumping spider's attack.
The jumping spider completely misses you.
The meliai hits you with a +0 war axe! You block the meliai's attack.
The meliai calls down the wrath of its god upon you.
Something smites you! The meliai attacks as you move away!
The meliai completely misses you. x2
You block the jumping spider's attack.
The jumping spider bites you but does no damage.
The meliai misses you. The meliai completely misses you.
The jumping spider pounces on you.
The jumping spider completely misses you.
The jumping spider attacks as you move away!
The jumping spider misses you. x2; The meliai completely misses you.
The meliai misses you.
The broodmother summons spiders!
Blink to where?
Press: ? - help, Dir - move target
As you read the scroll of blinking, it crumbles to dust.
You feel yourself speed up.
The meliai calls down the wrath of its god upon you.
Something smites you!
The meliai calls down the wrath of its god upon you.
Something smites you!
* * * LOW HITPOINT WARNING * * *
You emit a cloud of dark smoke.
The meliai calls down the wrath of its god upon you.
Something smites you!
* * * LOW HITPOINT WARNING * * *
The meliai invokes the aid of its god against you.
Something smites you!
You die...

^.................#~...........#.
......§§§§§.......≈~....†........
......§§§y....##......##.........
#.....§§§§....#.......##.........
..#.>.§§§§y.......##.............
......§§§§y#..#........^.....^...
.......#§.....#........<.........
......##.......#.^..............#
................@..............#.
..............................#..
......#..........................
........###.#.##.......##......#.
######### #######################


You could see 3 meliai.

Vanquished Creatures
  Saint Roka (Orc:2)
  Jorgrun (Orc:1)
  Rupert (D:12)
  Frances (Spider:1)
  Kirke (Lair:3)
  Gastronok (D:9)
  Donald (Spider:1)
  A ghost moth (Lair:3)
  An orc warlord (Orc:2)
  2 spark wasps (Spider:1)
  Azrael (D:15)
  An ettin (D:15)
  2 fire dragons
  2 entropy weavers
  7 hydras
  Harold (D:9)
  2 centaur warriors
  3 ogre magi
  8 boulder beetles
  3 tengu warriors
  10 two-headed ogres
  4 orc high priests (Orc:2)
  Urug (Lair:4)
  A deep elf knight (D:14)
  Nergalle (Orc:1)
  2 pharaoh ants
  7 skeletal warriors
  2 orb spiders
  A swamp dragon (Lair:5)
  5 orc knights
  A wizard (D:15)
  A lindwurm (D:10)
  6 deep elf pyromancers
  Pikel (D:8)
  10 ugly things
  4 wolf spiders
  A necromancer (D:15)
  5 cyclopes
  A deep elf zephyrmancer (D:14)
  2 manticores (D:13)
  5 elephants
  5 orc sorcerers
  A moth of wrath (Spider:1)
  2 dancing weapons
  Maurice (Orc:1)
  7 black mambas
  A gargoyle (D:12)
  3 demonic crawlers
  A guardian serpent (shapeshifter) (D:14)
  10 cane toads
  An efreet (D:15)
  6 torpor snails
  Psyche (D:12)
  4 centaur skeletons (D:14)
  6 rime drakes
  9 komodo dragons
  5 yaktaurs (D:14)
  An anaconda simulacrum (IceCv)
  2 freezing wraiths
  A tengu conjurer (D:15)
  A queen bee (shapeshifter) (D:15)
  13 polar bears
  9 trolls
  A hornet (D:10)
  12 tarantellas
  A raiju (Lair:5)
  20 blink frogs
  14 dream sheep
  10 jumping spiders
  A centaur simulacrum (D:14)
  4 slime creatures
  A shadow (D:12)
  9 culicivoras
  A water elemental (Elf:1)
  2 wraiths
  3 wyverns
  A vampire (D:12)
  28 yaks
  A basilisk (Lair:4)
  5 fire elementals (D:15)
  3 steam dragons
  4 death yak simulacra
  27 redbacks
  11 vampire mosquitoes
  16 wargs
  An acid dragon (D:14)
  16 hell hounds
  14 water moccasins
  A hydra simulacrum (IceCv)
  27 orc warriors
  2 sky beasts
  3 swamp drakes (Lair:5)
  12 black bears
  15 ogres
  19 wolves
  15 centaurs
  A gnoll sergeant (D:9)
  3 scorpions
  12 bullfrogs
  2 cane toad simulacra (Orc:2)
  7 wights
  20 killer bees
  3 electric eels
  3 howler monkeys
  2 lava snakes (D:10)
  A hound (D:6)
  18 orc priests
  2 sleepcaps (D:5)
  8 iguanas
  7 jellies (Lair:2)
  Terence (D:2)
  29 orc wizards
  2 spriggan simulacra (Orc:2)
  A troll simulacrum (Orc:2)
  4 wolf simulacra
  6 gnolls
  10 adders
  2 white imps
  A worm (D:3)
  3 dart slugs
  69 orcs
  3 ball pythons
  7 bats
  21 endoplasms
  2 giant cockroaches
  4 hobgoblins
  4 jackals (D:3)
  2 quokkas (D:1)
  A frilled lizard (D:3)
  3 goblins
  6 kobolds
  3 rats (D:1)
775 creatures vanquished.

Vanquished Creatures (collateral kills)
  An orc high priest (Orc:2)
  3 two-headed ogres
  2 orc knights
  Joseph (D:9)
  Edmund (D:7)
  8 orc warriors
  2 ogres
  6 wights
  4 orc wizards
  A gnoll (Orc:2)
  10 orcs
39 creatures vanquished.

Vanquished Creatures (others)
  13 dancing weapons
  A blink frog (Lair:4)
  3 humans (Lair:4)
  An orc priest (D:8)
  2 orcs
  A quokka (D:8)
21 creatures vanquished.

Grand Total: 835 creatures vanquished

Notes
Turn   | Place    | Note
-------+----------+-------------------------------------------
     0 | D:1      | LynnLen the Spriggan Enchanter began the quest for the Orb.
     0 | D:1      | Reached XP level 1. HP: 9/9 MP: 5/5
   371 | D:1      | Reached XP level 2. HP: 12/13 MP: 6/6
   486 | D:1      | Learned a level 2 spell: Ensorcelled Hibernation
  1169 | D:1      | Reached XP level 3. HP: 16/17 MP: 8/8
  1669 | D:2      | Noticed Terence
  1810 | D:2      | You fall into a shaft and drop 2 floors!
  1885 | D:4      | Found a staircase to the Ecumenical Temple.
  1894 | Temple   | Entered the Ecumenical Temple
  1970 | Temple   | Became a worshipper of Dithmenos the Shadowed
  2136 | D:3      | Learned a level 3 spell: Confusing Touch
  2140 | D:3      | Learned a level 3 spell: Tukima's Dance
  2424 | D:2      | Reached XP level 4. HP: 19/21 MP: 2/9
  2664 | D:2      | Found a faded altar of an unknown god.
  2669 | D:2      | Reached skill level 5 in Stealth
  2855 | D:2      | Killed Terence
  2856 | D:2      | Reached skill level 1 in Fighting
  3165 | D:3      | Reached XP level 5. HP: 21/25 MP: 11/11
  3849 | D:4      | Noticed Robin
  3963 | D:4      | Found a sparkling altar of Nemelex Xobeh.
  4050 | D:4      | Found a hide-covered altar of Uskayaw.
  4207 | D:5      | Entered Level 5 of the Dungeon
  4216 | D:5      | Noticed a two-headed ogre
  4216 | D:5      | Noticed a two-headed ogre
  4331 | D:5      | Noticed Edmund
  4376 | D:5      | Noticed a water moccasin
  4381 | D:5      | Killed a water moccasin
  4382 | D:5      | Reached skill level 1 in Ice Magic
  4382 | D:5      | Reached XP level 6. HP: 30/30 MP: 12/12
  4436 | D:5      | Killed a two-headed ogre
  4437 | D:5      | Reached skill level 6 in Stealth
  4437 | D:5      | Reached skill level 1 in Shields
  4437 | D:5      | Reached skill level 5 in Hexes
  4437 | D:5      | Reached skill level 1 in Invocations
  4437 | D:5      | Reached XP level 7. HP: 23/34 MP: 6/14
  5091 | D:6      | Found an iron altar of Okawaru.
  5209 | D:6      | Reached XP level 8. HP: 34/39 MP: 11/15
  5272 | D:6      | Reached * piety under Dithmenos
  5893 | D:6      | Reached skill level 5 in Short Blades
  5893 | D:6      | Reached skill level 5 in Dodging
  5981 | D:6      | Reached skill level 7 in Stealth
  5999 | D:7      | Reached skill level 5 in Spellcasting
  6042 | D:7      | Reached XP level 9. HP: 43/43 MP: 17/17
  6320 | D:7      | Killed Edmund
  6679 | D:7      | Found a sacrificial altar of Ru.
  6796 | D:7      | Killed a two-headed ogre
  7016 | D:8      | Reached skill level 8 in Stealth
  7246 | D:8      | Reached ** piety under Dithmenos
  7456 | D:8      | Found a white marble altar of Elyvilon.
  7469 | D:8      | Noticed a two-headed ogre
  7473 | D:8      | Killed a two-headed ogre
  7474 | D:8      | Reached XP level 10. HP: 49/49 MP: 19/19
  7860 | D:8      | Noticed Pikel
  7883 | D:8      | Killed Pikel
  8510 | D:9      | Noticed Joseph
  8519 | D:9      | Learned a level 5 spell: Yara's Violent Unravelling
  8527 | D:9      | Learned a level 7 spell: Enfeeble
  8542 | D:9      | Killed Joseph
  8543 | D:9      | Reached skill level 9 in Stealth
  8543 | D:9      | Reached skill level 1 in Transmutations
  8621 | D:9      | Noticed Gastronok
  8659 | D:9      | Killed Gastronok
  8929 | D:9      | Noticed Harold
  8956 | D:9      | Killed Harold
  8957 | D:9      | Reached XP level 11. HP: 24/53 MP: 8/22
  9140 | D:9      | Found a stormy altar of Qazlal.
  9526 | D:9      | Found an opulent altar of Gozag.
  9711 | D:9      | Reached *** piety under Dithmenos
  9811 | D:9      | Reached skill level 5 in Invocations
 10115 | D:9      | Found a faded altar of an unknown god.
 10115 | D:9      | Found a faded altar of an unknown god.
 10128 | D:9      | Found a shimmering altar of Xom.
 10140 | D:9      | Found a radiant altar of Vehumet.
 10142 | D:9      | Found a bloodstained altar of Trog.
 10209 | D:10     | Entered Level 10 of the Dungeon
 10243 | D:10     | Found a burning altar of Makhleb.
 10329 | D:10     | Noticed a two-headed ogre
 10407 | D:10     | Killed a two-headed ogre
 10515 | D:10     | Found a staircase to the Lair.
 10576 | D:10     | Found a runed translucent door.
 10610 | D:10     | Reached skill level 10 in Stealth
 10612 | D:10     | Found a runed translucent gate.
 10612 | D:10     | Found a runed translucent gate.
 10612 | D:10     | Found a runed translucent gate.
 10612 | D:10     | Found a runed translucent gate.
 10612 | D:10     | Noticed a lindwurm
 10613 | D:10     | Found a runed translucent gate.
 10614 | D:10     | Found a runed translucent gate.
 10615 | D:10     | Noticed a boulder beetle
 10930 | Lair:1   | Entered Level 1 of the Lair of Beasts
 12357 | Lair:2   | Reached **** piety under Dithmenos
 12557 | Lair:2   | Reached skill level 5 in Fighting
 12564 | Lair:2   | Reached skill level 5 in Transmutations
 12564 | Lair:2   | Reached XP level 12. HP: 60/60 MP: 24/24
 13237 | Lair:3   | Reached skill level 10 in Short Blades
 13381 | Lair:3   | Found a staircase to the Swamp.
 13381 | Lair:3   | Noticed a seven-headed hydra
 13399 | Lair:3   | Killed a seven-headed hydra
 13400 | Lair:3   | Reached skill level 11 in Stealth
 13663 | Lair:3   | Found a hole to the Spider Nest.
 14377 | Lair:2   | Reached ***** piety under Dithmenos
 14750 | Lair:3   | Reached skill level 10 in Hexes
 15312 | Lair:3   | Noticed a boulder beetle
 15790 | Lair:2   | Reached skill level 12 in Stealth
 15915 | Lair:3   | Killed a boulder beetle
 16253 | Lair:4   | Noticed Kirke
 16344 | Lair:4   | Noticed a seven-headed hydra
 16351 | Lair:4   | Reached XP level 13. HP: 65/65 MP: 24/27
 16383 | Lair:3   | Reached skill level 10 in Dodging
 16952 | Lair:3   | Killed Kirke
 17555 | Lair:4   | Noticed Urug
 17562 | Lair:4   | Killed Urug
 18075 | Lair:5   | Entered Level 5 of the Lair of Beasts
 18174 | Lair:5   | Reached skill level 13 in Stealth
 18235 | Lair:5   | Reached skill level 10 in Spellcasting
 18669 | Lair:5   | Identified a scroll of acquirement
 18671 | Lair:5   | Acquired 856 gold pieces
 19032 | Lair:5   | Found a staircase to the Slime Pits.
 19152 | Lair:5   | Got the Compendium of Morbid Wounds
 19163 | Lair:5   | Noticed a fire dragon
 19171 | Lair:5   | Killed a fire dragon
 19757 | Lair:5   | Reached ****** piety under Dithmenos
 19765 | Lair:5   | Reached XP level 14. HP: 72/72 MP: 15/29
 19885 | Lair:5   | Identified the +3 scale mail of Horriam {rN++}
 19943 | Lair:5   | Reached skill level 14 in Stealth
 20306 | Lair:5   | HP: 2/72 [polar bear (26)]
 20761 | D:10     | Identified the staff of air "Geddoumu" {Contam rElec Str+4
                  | Int+10 SInv}
 21402 | D:11     | Found Jeapaer's Assorted Antiques.
 21455 | D:11     | Bought a scroll of identify for 62 gold pieces
 21455 | D:11     | Bought 3 scrolls labelled ULUABO ARCHI for 93 gold pieces
 21994 | D:12     | Noticed Psyche
 22003 | D:12     | Killed Psyche
 22807 | D:12     | Found a staircase to the Orcish Mines.
 23174 | Orc:1    | Entered Level 1 of the Orcish Mines
 23211 | Orc:1    | Noticed Nergalle
 23236 | Orc:1    | Killed Nergalle
 23417 | Orc:1    | You fall into a shaft and drop 1 floor!
 23417 | Orc:2    | Entered Level 2 of the Orcish Mines
 23417 | Orc:2    | Noticed Saint Roka
 23421 | Orc:2    | Noticed Maurice
 23421 | Orc:2    | Noticed Jorgrun
 23763 | Orc:1    | Killed Jorgrun
 23764 | Orc:1    | Reached skill level 1 in Armour
 23864 | Orc:1    | Killed Maurice
 24034 | Orc:2    | Found a frozen archway.
 24149 | IceCv    | Entered an ice cave
 25365 | IceCv    | Found the +0 mask of the Dragon {Will+ Slay+3 SInv}
 25847 | Orc:2    | Reached skill level 15 in Stealth
 26314 | Orc:2    | Noticed Rupert
 27186 | Orc:2    | Found a staircase to the Elven Halls.
 28160 | Orc:2    | Killed Saint Roka
 28387 | Orc:2    | Reached XP level 15. HP: 24/72 MP: 12/31
 29756 | Orc:2    | Found Figg's Antique Armour Shop.
 29757 | Orc:2    | Found Irudion's Antique Weapon Shop.
 29759 | Orc:2    | Found Zesaf's General Store.
 29759 | Orc:2    | Found Virroh's Jewellery Boutique.
 29790 | Orc:2    | Bought a +5 ring of evasion for 396 gold pieces
 29790 | Orc:2    | Bought the Folio of the Missiles for 506 gold pieces
 29790 | Orc:2    | Bought a potion of berserk rage for 55 gold pieces
 29790 | Orc:2    | Bought a scroll of silence for 104 gold pieces
 29790 | Orc:2    | Bought a book of the Hunter for 286 gold pieces
 30093 | D:12     | Killed Rupert
 30907 | D:13     | Found a shadowy altar of Dithmenos.
 31311 | D:13     | Found Juyshrila's Jewellery Shoppe.
 31319 | D:13     | Bought the amulet of the Four Winds {rN+ Will+++ Clar} for
                  | 789 gold pieces
 31319 | D:13     | Found the amulet of the Four Winds {rN+ Will+++ Clar}
 31947 | D:14     | Reached skill level 16 in Stealth
 32179 | D:14     | Found a gate to the Vaults.
 32184 | D:14     | Reached skill level 10 in Invocations
 32598 | D:14     | Found Sodigaicw's Armour Emporium.
 32617 | D:14     | Found a hide-covered altar of Uskayaw.
 32649 | D:14     | Identified Roxanne's Enchiridion on Metal
 32649 | D:14     | Noticed Roxanne
 33000 | D:15     | Entered Level 15 of the Dungeon
 33014 | D:15     | Found a staircase to the Depths.
 34845 | D:15     | Reached XP level 16. HP: 63/83 MP: 10/34
 34930 | D:15     | Found a glowing silver altar of Zin.
 35337 | D:15     | Noticed Azrael
 35339 | D:15     | Killed Azrael
 36075 | Elf:1    | Entered Level 1 of the Elven Halls
 36102 | Elf:1    | Paralysed by an air elemental for 1 turns
 36108 | Elf:1    | Paralysed by an air elemental for 1 turns
 36464 | Spider:1 | Entered Level 1 of the Spider Nest
 37420 | Spider:1 | Reached skill level 17 in Stealth
 38270 | Spider:1 | You fall into a shaft and drop 1 floor!
 39573 | Spider:1 | Noticed Frances
 39580 | Spider:1 | Killed Frances
 39592 | Spider:1 | Noticed Donald
 39595 | Spider:1 | Killed Donald
 39616 | Spider:1 | Killed from afar by a meliai

Illustrated notes

Levels and vault maps discovered:
D:1:      dpeg_arrival_arbitrary_a, layout_basic
D:2:      layout_basic, nicolae_ecumenical_lake_church, uniq_terence
D:3:      layout_loops_ring, moated_statue
D:4:      layout_loops_ring, mainiacjoe_overflow_alcove_1,
          nicolae_overflow_hidden_temple, lemuel_temple_firewalk_b, uniq_robin
D:5:      kennysheep_big_flooded_room, layout_loops_ring, minmay_holes,
          uniq_edmund
D:6:      layout_loops_cross, mainiacjoe_overflow_small_starburst
D:7:      layout_rooms, nicolae_ru_sacrificial_ziggurat
D:8:      layout_cave_pods, elyvilon_altar_4, uniq_pikel
D:9:      layout_roguey, mainiacjoe_overflow_alcove_2, grunt_qazlal_sundering,
          chequers_temple_overflow_minitemple, uniq_joseph, uniq_gastronok,
          uniq_harold
D:10:     gammafunk_indiana_jones, layout_rooms,
          mainiacjoe_overflow_cross_hatched
D:11:     layout_small_grid, serial_shops, nicolae_shop_pleasant_corner_grove
D:12:     layout_cave_pods, orc_0_dummy, uniq_psyche
D:13:     layout_loops_ring, serial_shops, nicolae_shop_hallway_stairs,
          grunt_dithmenos_smoke
D:14:     layout_stronghold, hangedman_vaults_entry_quadrant_bands,
          nicolae_uskayaw_murder_on_the_dancefloor, serial_shops,
          nicolae_shop_stone, uniq_roxanne
D:15:     hangedman_depths_entry_civil_slaughter, layout_cave_pools, zin_angel,
          uniq_azrael
Temple:   grunt_temple_mini_profane
Lair:1:   layout_long_grid
Lair:2:   lemuel_slime, layout_hall_layers, cheibrodos_lair_lostbears,
          grunt_megastairs_1, infiniplex_staircase_pool_2
Lair:3:   layout_gridlike, minmay_swamp_entry_reptiles,
          nicolae_spider_entry_lesser_pyramids, serial_bayou_shore_a,
          grunt_megastairs_5
Lair:4:   layout_cave_pods, uniq_kirke, uniq_urug
Lair:5:   hangedman_lair_caniforms_friends, layout_hall_layers,
          guppyfry_lair_end_dragon, dpeg_slime_entry_enclosed,
          chequers_serial_rivers_small_b, serial_bayou_shore_b,
          grunt_megastairs_2
Spider:1: layout_spider_delve, drop_trap, nicolae_spider_not_touching_you,
          uniq_donald, uniq_frances
Spider:2: layout_spider_delve, nicolae_spider_scorpion_nest
Orc:1:    layout_caves, nicolae_volcano_entry_hallway, uniq_nergalle
Orc:2:    st_orc_congregation, layout_diamond_mine,
          portal_ice_cave_entry_ice_simulacra, gauntlet_entry_generic,
          uniq_rupert, uniq_maurice, uniq_jorgrun, uniq_saint_roka
Elf:1:    nicolae_elf_arrival_fired_up, layout_loops_corners, evilmike_minifort,
          uniq_aizul

Skill      XL: |  1  2  3  4  5  6  7  8  9 10 11 12 13 14 15 16 |
---------------+-------------------------------------------------+-----
Dodging        | 3 4 5 6 7 8 9 11 12 14 | 14.6
Spellcasting   | 3 4 5 6 7 9 10 11 13 | 13.6
Hexes          | 4 5 6 7 8 9 10 11 12 13 14 | 14.4
Short Blades   | 2 4 5 6 8 9 10 | 10.0
Stealth        | 5 6 7 8 9 10 12 13 15 16 17 | 17.4
Fighting       | 1 2 3 4 5 6 7 8 9 |  9.4
Ice Magic      | 1 2 3 4 |  4.0
Shields        | 1 2 3 4 |  4.1
Invocations    | 1 2 3 4 5 7 8 9 10 | 10.9
Transmutations | 2 5 7 8 |  8.0
Armour         | 2 4 |  4.9

Action                     |  1- 3 |  4- 6 |  7- 9 | 10-12 | 13-15 | 16-18 || total
---------------------------+-------+-------+-------+-------+-------+-------++-------
  Melee: Dagger            |   108 |    62 |   184 |   562 |  1276 |   215 ||  2407
         Long sword        |       |       |       |     8 |    29 |       ||    37
   Cast: Ensorcelled Hiber |     7 |    17 |     6 |   159 |   194 |    90 ||   473
         Confusing Touch   |       |       |     7 |    30 |    63 |    14 ||   114
         Tukima's Dance    |       |       |    25 |    23 |    70 |       ||   118
         Yara's Violent Un |       |       |       |       |    54 |       ||    54
         Enfeeble          |       |       |       |       |     1 |       ||     1
 Invoke: Shadow Step       |       |       |       |       |     3 |     1 ||     4
         Shadow Form       |       |       |       |       |     2 |       ||     2
  Evoke: Wand              |       |     1 |       |     4 |    10 |       ||    15
    Use: Scroll            |     7 |     1 |    10 |     7 |    19 |     3 ||    47
         Potion            |       |     1 |       |     5 |     4 |     1 ||    11
   Stab: Sleeping          |    11 |    13 |    17 |   113 |   205 |    78 ||   437
         Distracted        |     1 |       |       |       |     7 |       ||     8
         Confused          |       |       |     5 |    25 |    57 |    14 ||   101
         Invisible         |       |       |       |     2 |     7 |       ||     9
 Armour: Robe              |    14 |     4 |     4 |       |       |       ||    22
         Steam dragon scal |       |       |    25 |    60 |    73 |    31 ||   189
  Dodge: Dodged            |    90 |    48 |   121 |   383 |   960 |   309 ||  1911
  Block: Buckler           |       |       |     8 |   123 |   638 |    86 ||   855
         Reflection        |       |       |       |       |    18 |       ||    18
